AoeStats
← Death_Rider

Arena

509398533Analyzed
1v1 RM · 7d ago on Sep 26, 2026· 50m 23s· 2 players
Game mode
Random Map
Map size
Tiny (2 player)
Population
200
Speed
Normal
Resources
Standard
Victory
Conquest
Starting age
Dark Age
Ending age
Imperial Age
RankedLock teamsTeams togetherTeam positionsShared explorationLock speedFull tech treeHidden civsTurbo modeCheats
Victory
Defeat
🇩🇪 Mongols · Germany
909
+16
🇨🇿 Turks · Czechia
903
-16
TvojeMama4355
5:24 Loom
11:47 Feudal Age
11:04 Loom
12:26 Double-Bit Axe
12:23 Horse Collar
18:46 Castle Age
22:29 Heavy Plow
22:39 Bow Saw
24:55 Fletching
27:19 Padded Archer Armor
33:12 Imperial Age
31:25 Wheelbarrow
30:36 Town Watch
32:51 Bodkin Arrow
33:13 Leather Archer Armor
33:14 Masonry
42:09 Ballistics
42:26 Architecture
42:30 Ring Archer Armor
42:00 Bracer
42:36 Gold Mining
43:52 Elite Janissary
Death_Rider
9:14 Feudal Age
9:59 Double-Bit Axe
9:57 Horse Collar
17:41 Castle Age
16:15 Gold Mining
18:04 Forging
18:10 Light Cavalry
18:53 Husbandry
19:55 Loom
19:56 Town Watch
20:46 Wheelbarrow
21:42 Squires
23:11 Bow Saw
26:27 Iron Casting
26:18 Scale Barding Armor
26:59 Gold Shaft Mining
28:12 Town Patrol
31:19 Imperial Age
29:22 Stone Mining
31:36 Hand Cart
31:16 Fletching
32:55 Bloodlines
33:10 Conscription
33:05 Heavy Plow
34:24 Stone Shaft Mining
33:47 Bodkin Arrow
33:55 Padded Archer Armor
34:46 Chain Barding Armor
34:19 Elite Skirmisher
35:06 Bracer
34:58 Hussar
37:55 Leather Archer Armor
38:40 Blast Furnace
38:12 Drill
39:05 Chemistry
40:09 Elite Mangudai
41:41 Thumb Ring
41:00 Capped Ram
41:45 Nomads
43:39 Hoardings
42:44 Siege Ram
45:13 Scale Mail Armor
44:59 Onager
47:12 Ballistics
47:20 Chain Mail Armor
47:02 Heavy Scorpion
48:10 Masonry
48:06 Siege Onager
49:48 Guard Tower
50:04 Siege Engineers
Connection lost

Rejoining the realm…

Still unreachable

The connection could not be restored.

Session expired

The server has moved on; the page needs a fresh start.